 Dungeon Crawl Stone Soup version 0.29.1-12-g30fa7ad0bf (webtiles) character file.

Game seed: 3009508850288397148

9 hawla the Chiller (level 2, -2/20 HPs)
             Began as a Meteoran Ice Elementalist on Dec 12, 2022.
             Slain by a centaur
             ... wielding a +0 trident
              (6 damage)
             ... on level 4 of the Dungeon.
             The game lasted 00:01:51 (140 turns).

hawla the Chiller (Meteoran Ice Elementalist)        Turns: 140, Time: 00:01:52

Health: -2/20      AC:  3    Str:  9    XL:     2   Next: 35%
Magic:  2/7        EV: 12    Int: 16    God:
Gold:   21         SH:  0    Dex: 14    Spells: 6/7 levels left

rFire   . . .      SeeInvis .   (no weapon)
rCold   . . .      Faith    .   (no shield)
rNeg    . . .      Spirit   .   a - +1 robe
rPois   .          Reflect  .   (no helmet)
rElec   .          Harm     .   (no cloak)
rCorr   .          Rampage  .   (no gloves)
Will    .....                   (no boots)
Stlth   +.........              (no amulet)
HPRegen 0.06/turn               (no ring)
MPRegen 0.10/turn               (no ring)

@: attractive, glowing
A: sense surroundings 1, otherworldly, glowing, explore regen
a: no special abilities


You were on level 4 of the Dungeon.
You visited 1 branch of the dungeon, and saw 4 of its levels.

You collected 21 gold pieces.

Inventory:

Armour
 a - a +1 robe (worn)
Potions
 b - a potion of magic


   Skills:
 + Level 2.4 Dodging
 - Level 1.4 Stealth
 + Level 3.0 Spellcasting
 + Level 4.7 Ice Magic


You had 6 spell levels left.
You knew the following spells:

 Your Spells              Type           Power      Damage    Failure   Level
a - Freeze                Ice            68%        1d8       2%          1

Your spell library contained the following spells:

 Spells                   Type           Power      Damage    Failure   Level
 Frozen Ramparts          Ice            34%        1d6       8%          3
 Ozocubu's Armour         Ice            17%        N/A       8%          3
 Hailstorm                Conj/Ice       10%        3d5       56%         4


Dungeon Overview and Level Annotations

Branches:
Dungeon (4/15) Zot: 2259
 Temple: D:4-7

Altars:


Innate Abilities, Weirdness & Mutations

You passively map a small area around you.
You are easily found by Zot.
You glow in the dark.
You regain HP and MP as you explore.


Message History

Aim: a centaur, wielding a +0 trident You freeze the centaur.
The centaur is lightly wounded.
The centaur hits you with a +0 trident! The centaur closely misses you.
The centaur hits you but does no damage.
The centaur kicks you.
* * * LOW HITPOINT WARNING * * *
It was a potion of attraction.
You feel attractive to monsters. The centaur hits you with a +0 trident.
* * * LOW HITPOINT WARNING * * *
The centaur kicks you but does no damage.
Casting: Freeze (safe; 2% risk of failure)
Confirm with . or Enter, or press ? or * to list all spells.
Aiming: Freeze (safe; 2% risk of failure)
Press: ? - help, Shift-Dir - straight line, f/p - centaur
Aim: a centaur, wielding a +0 trident (lightly wounded)
You freeze the centaur.
The centaur is moderately wounded.
The centaur completely misses you. The centaur barely misses you.
The centaur misses you.
The centaur kicks you but does no damage.
Casting: Freeze (safe; 2% risk of failure)
Confirm with . or Enter, or press ? or * to list all spells.
Aiming: Freeze (safe; 2% risk of failure)
Press: ? - help, Shift-Dir - straight line, f/p - centaur
Aim: a centaur, wielding a +0 trident (moderately wounded)
You freeze the centaur.
The centaur is heavily wounded.
The centaur misses you. The centaur kicks you.
* * * LOW HITPOINT WARNING * * *
Casting: Freeze (safe; 2% risk of failure)
Confirm with . or Enter, or press ? or * to list all spells.
Aiming: Freeze (safe; 2% risk of failure)
Press: ? - help, Shift-Dir - straight line, f/p - centaur
Aim: a centaur, wielding a +0 trident (heavily wounded)
You freeze the centaur.
The centaur is almost dead.
The centaur hits you with a +0 trident.
You die...

...)####.#
##.#######.....
.........# #.#
#...#..... ,
....######
#.###...(.....
.<..#
#..........##
#####
######.##.## #
########.#* # #
#........# , * *,
# * *
#.#.########.# #
, ,
,,..*##...@cg...#
* * ##
#.#######..# ,
#.#* *,, * #. * *
* * # , * * * * *
*


You could see a centaur and a goblin.

Vanquished Creatures
  An endoplasm (D:2)
  2 giant cockroaches (D:3)
  A goblin (D:2)
  A ball python (D:4)
  A bat (D:3)
  A kobold (D:3)
  2 rats (D:2)
9 creatures vanquished.

Notes
Turn   | Place    | Note
-------+----------+-------------------------------------------
     0 | D:1      | hawla the Meteoran Ice Elementalist began the quest for the
                  | Orb.
     0 | D:1      | Reached XP level 1. HP: 14/14 MP: 5/5
    62 | D:3      | Reached XP level 2. HP: 19/20 MP: 3/6
   131 | D:4      | Noticed a centaur
   140 | D:4      | Slain by a centaur

Illustrated notes

Levels and vault maps discovered:
D:1:      roderic_dead_forest, layout_basic, shapermc_ecumenical_altar_venn,
          kennysheep_pointless_box, minmay_tetromino_t2
D:2:      layout_loops_cross
D:3:      layout_basic, minmay_liquid_box, hangedman_decor_slide_cut,
          uniq_robin, uniq_grinder
D:4:      layout_loops_ring, serial_shops, nicolae_shop_behind_doors,
          skrybe_limestone_x, nicolae_zen_rock_garden

Skill      XL: |  1  2 |
---------------+-------+-----
Spellcasting   | 3 |  3.0
Dodging        | |  2.4
Stealth        | |  1.4
Ice Magic      | |  4.7

Action                   || total
-------------------------++-------
 Cast: Freeze            ||    17
  Use: Scroll            ||     1
       Potion            ||     1
Armor: Robe              ||     4
Dodge: Dodged            ||    17
